 Dungeon Crawl Stone Soup version 0.17-a0-802-g1f09329 (console) character file.

100 sose the Conjurer (level 4, -3/27 HPs)
             Began as a High Elf Conjurer on Apr 26, 2015.
             Killed from afar by an orc wizard (6 damage)
             ... with a magic dart
             ... on level 3 of the Dungeon.
             The game lasted 00:04:15 (2209 turns).

sose the Conjurer (High Elf Conjurer)               Turns: 2209, Time: 00:04:15

Health: -3/27      AC:  2    Str:  7    XL:     4   Next: 47%
Magic:  1/8        EV: 12    Int: 23    God:
Gold:   93         SH:  0    Dex: 15    Spells: 3 memorised, 0 levels left

rFire  . . .     SeeInvis .     s - +0 dagger
rCold  . . .     Clarity  .     a - +0 robe
rNeg   . . .     SustAb   +     (no shield)
rPois  .         Gourm    .     (no helmet)
rElec  .         Spirit   .     (no cloak)
rCorr  .         Warding  .     (no gloves)
rMut   .         Stasis   .     (no boots)
MR     .....                    (no amulet)
Stlth  ++........               q - +3 ring of intelligence
                                m - ring of sustain abilities

@: not resistant to hostile enchantments, unstealthy
A: no striking features
a: no special abilities


You were on level 3 of the Dungeon.
You were not hungry.

You visited 1 branch of the dungeon, and saw 3 of its levels.

You collected 93 gold pieces.

Inventory:

Hand weapons
 s - a +0 dagger (weapon)
Armour
 a - a +0 robe (worn)
Jewellery
 m - a ring of sustain abilities (left hand)
 q - a +3 ring of intelligence (right hand)
Scrolls
 d - 7 scrolls of identify {unknown}
 f - a scroll of recharging {unknown}
 h - a scroll of immolation {unknown}
 j - a scroll of enchant armour {unknown}
 k - 2 scrolls of enchant weapon {unknown}
 n - a scroll of magic mapping {unknown}
 p - a scroll of fog {unknown}
 r - a scroll of noise {unknown}
Potions
 e - 2 potions of might {unknown}
 g - a potion of resistance {unknown}
 l - a potion of invisibility {unknown}
 o - 2 potions of lignification {unknown}
 u - a potion of cancellation {unknown}
Books
 b - a book of Conjurations

   Spells                             Type                      Level
   a - Magic Dart                     Conjuration                  1
   b - Searing Ray                    Conjuration                  2
   c - Dazzling Spray                 Conjuration/Hexes            3
   d - Fulminant Prism                Conjuration/Hexes            4
   e - Iskenderun's Mystic Blast      Conjuration                  4
   f - Iskenderun's Battlesphere      Conjuration/Charms           5
Comestibles
 c - 2 bread rations
 i - a beef jerky


   Skills:
 - Level 2.1 Dodging
 - Level 2.1 Stealth
 - Level 2.4 Spellcasting
 + Level 6.5 Conjurations


You couldn't memorise any spells.
You knew the following spells:

 Your Spells              Type           Power        Failure   Level  Hunger
a - Magic Dart            Conj           ####         1%          1    None
b - Searing Ray           Conj           ####..       1%          2    ##.....
c - Iskenderun's Mystic   Conj           ####....     10%         4    ####...


Dungeon Overview and Level Annotations

Branches:
Dungeon (3/15)

Altars:
Ru


Message History

The orc is severely wounded.
The searing ray misses the orc.
The searing ray hits the orc wizard.
The orc wizard is lightly wounded.
The orc hits you with a club.
The orc wizard casts a spell.
The orc wizard blinks!
The searing ray hits the orc.
You kill the orc!
The orc wizard casts a spell at you. The magic dart hits you!
* * * LOW HITPOINT WARNING * * *
The orc wizard casts a spell at you. The magic dart hits you!
* * * LOW HITPOINT WARNING * * *
The orc wizard gestures wildly while chanting.
The orc wizard flickers and vanishes!
Deactivating autopickup; reactivate with Ctrl-A.
The orc wizard casts a spell at you. The magic dart hits you!
You die...

....o ..... ... .... #)#
... #.## #.#
#..####..#####.###.###
#..........)...........
#.######{.####.###.###
...........o...###.###..#
.....####.#.....@.......#
.............####.####..#
.....###.....# ... .....#
###...# ....#
.....######..# ....#
............. _.....
#.######### ....#
#.###### .... .......# .


You could see an orc wizard.

Vanquished Creatures
  2 adders (D:2)
  2 oozes (D:2)
  A worm (D:2)
  4 giant geckos
  6 orcs (D:3)
  A ball python (D:2)
  6 bats
  5 giant cockroaches
  7 goblins
  2 hobgoblins
  4 jackals (D:1)
  7 kobolds
  A quokka (D:3)
  A giant newt (D:2)
  9 rats
58 creatures vanquished.

Notes
Turn   | Place    | Note
--------------------------------------------------------------
     0 | D:1      | sose, the High Elf Conjurer, began the quest for the Orb.
     0 | D:1      | Reached XP level 1. HP: 11/11 MP: 4/4
   385 | D:1      | Reached XP level 2. HP: 17/17 MP: 1/6
   489 | D:1      | Reached skill level 5 in Conjurations
   725 | D:1      | Learned a level 2 spell: Searing Ray
  1048 | D:2      | Reached XP level 3. HP: 21/21 MP: 3/7
  1338 | D:2      | Reached skill level 6 in Conjurations
  1355 | D:2      | Reached XP level 4. HP: 27/27 MP: 2/8
  1379 | D:2      | Learned a level 4 spell: Iskenderun's Mystic Blast
  2209 | D:3      | Found a sacrificial altar of Ru.
  2209 | D:3      | Killed from afar by an orc wizard

Action                   |  1- 3 |  4- 6 || total
-------------------------+-------+-------++-------
Melee: Unarmed           |     5 |       ||     5
       Dagger            |       |     8 ||     8
 Cast: Magic Dart        |    69 |    37 ||   106
       Searing Ray       |       |     2 ||     2
  Eat: Chunk             |     1 |     3 ||     4
